 Dungeon Crawl Stone Soup version 0.22-a0-757-gdba82d8 (webtiles) character file.

2081 sking99 the Thaumaturge (level 9, -4/65 HPs)
             Began as a Gnoll Wizard on July 16, 2018.
             Was a Follower of Ashenzari.
             Slain by a gnoll shaman
             ... wielding a +0 whip
              (9 damage)
             ... on level 6 of the Dungeon.
             The game lasted 00:17:41 (9312 turns).

sking99 the Thaumaturge (Gnoll Wizard)              Turns: 9312, Time: 00:17:42

Health: -4/65      AC:  3    Str: 10    XL:     9   Next: 27%
Magic:  6/21       EV: 15    Int: 24    God:    Ashenzari [*.....]
Gold:   332        SH:  5    Dex: 13    Spells: 13/24 levels left

rFire    . . .     SeeInvis .   a - +1 falchion
rCold    + . .     Gourm    .   e - +0 buckler
rNeg     . . .     Faith    .   q - +0 robe
rPois    .         Spirit   .   b - +0 hat
rElec    .         Reflect  .   (no cloak)
rCorr    .         Harm     .   (no gloves)
MR       .....                  s - +0 pair of boots
Stlth    ++........             (no amulet)
HPRegen  0.20/turn              t - ring of protection from cold
MPRegen  0.17/turn              (no ring)

@: glowing
A: distributed training, fangs 1, strong nose
a: Curse Item, Scrying, Renounce Religion


You were on level 6 of the Dungeon.
You worshipped Ashenzari.
Ashenzari was aware of your devotion.
You were hungry.

You visited 1 branch of the dungeon, and saw 7 of its levels.

You collected 332 gold pieces.

Inventory:

Hand Weapons
 a - a +1 falchion (weapon)
Armour
 b - a +0 hat (worn)
 e - a +0 buckler (worn)
 q - a +0 robe (worn)
 s - a +0 pair of boots (worn)
Jewellery
 t - a ring of protection from cold (left hand)
Wands
 f - a wand of iceblast (13)
 n - a wand of scattershot (6)
 p - a wand of clouds (6)
 u - a wand of flame (21)
Scrolls
 i - 2 scrolls of teleportation
 m - a scroll of blinking
 o - a scroll of enchant weapon
 v - a scroll of remove curse
 w - a scroll of identify
Potions
 c - 4 potions of lignification
 g - 2 potions of curing
 h - a potion of agility
 j - 2 potions of brilliance {unknown}
 k - 3 potions of mutation
 l - a potion of heal wounds
 r - 2 potions of invisibility
Comestibles
 d - 12 rations


   Skills:
 + Level 4.0 Fighting
 + Level 4.0 Short Blades
 + Level 4.0 Long Blades
 + Level 4.0 Axes
 + Level 4.0 Maces & Flails
 + Level 4.0 Polearms
 + Level 4.0 Staves
 + Level 4.0 Slings
 + Level 4.0 Bows
 + Level 4.0 Crossbows
 + Level 4.0 Throwing
 + Level 4.0 Armour
 + Level 6.1 Dodging
 + Level 5.8 Stealth
 + Level 4.0 Shields
 + Level 4.0 Unarmed Combat
 + Level 8.3 Spellcasting
 + Level 4.0 Conjurations
 + Level 3.3 Hexes
 + Level 3.3 Charms
 + Level 4.0 Summonings
 + Level 3.3 Necromancy
 + Level 4.0 Translocations
 + Level 3.3 Transmutations
 + Level 3.3 Fire Magic
 + Level 3.3 Ice Magic
 + Level 3.3 Air Magic
 + Level 3.3 Earth Magic
 + Level 3.3 Poison Magic
   Level 4.4 Invocations
 + Level 4.0 Evocations


You had 13 spell levels left.
You knew the following spells:

 Your Spells              Type           Power        Failure   Level  Hunger
a - Magic Dart            Conj           ####         1%          1    None
b - Blink                 Tloc           N/A          1%          2    None
c - Call Imp              Summ           ####....     1%          2    None
d - Conjure Flame         Conj/Fire      ####....     4%          3    None
e - Mephitic Cloud        Conj/Pois/Air  ####....     4%          3    None

Your spell library contained the following spells:

 Spells                   Type           Power        Failure   Level  Hunger
 Slow                     Hex            ####....     2%          2    None
 Confuse                  Hex            ####....     4%          3    None
 Invisibility             Hex            ####....     94%         6    ######.
 Tukima's Dance           Hex            ####....     4%          3    None
 Swiftness                Chrm/Air       ####....     2%          2    None
 Passwall                 Tmut/Erth      ####....     2%          2    None
 Ensorcelled Hibernation  Hex/Ice        ####..       2%          2    None
 Corona                   Hex            ####...      1%          1    None
 Lee's Rapid Deconstruct  Erth           ####......   41%         5    #####..
 Passage of Golubria      Tloc           N/A          12%         4    ##.....
 Darkness                 Hex            ####......   94%         6    ######.
 Dazzling Spray           Conj/Hex       ####..       4%          3    None


Dungeon Overview and Level Annotations

Branches:
Dungeon (7/15)
 Temple: D:4-7

Altars:
Ashenzari
Elyvilon
Fedhas
Nemelex Xobeh
Qazlal
Uskayaw
Zin

Shops:
D:6 }


Innate Abilities, Weirdness & Mutations

Your experience applies equally to all skills.
You have very sharp teeth.
Your uncanny sense of smell can sniff out nearby items.


Message History

The gnoll shaman is almost dead.
The crimson imp hits your crimson imp with a dagger of chaos.
Casting: Magic Dart (safe; 1% risk of failure)
Confirm with . or Enter, or press ? or * to list all spells.
Aiming: Magic Dart (safe; 1% risk of failure)
Press: ? - help, Shift-Dir - straight line, f/p - gnoll shaman
Aim: a gnoll shaman, wielding a whip and wearing a robe (almost dead)
The magic dart hits the gnoll shaman.
The gnoll shaman is almost dead.
The gnoll shaman hits you with a whip.
* * * LOW HITPOINT WARNING * * *
Casting: Magic Dart (safe; 1% risk of failure)
Confirm with . or Enter, or press ? or * to list all spells.
Aiming: Magic Dart (safe; 1% risk of failure)
Press: ? - help, Shift-Dir - straight line, f/p - gnoll shaman
Aim: a gnoll shaman, wielding a whip and wearing a robe (almost dead)
The magic dart hits the gnoll shaman.
The gnoll shaman is almost dead.
The gnoll shaman hits you with a whip!
You die...

..##..(............#.............
..##..........#.#########.#######
..++..(..........................
..##.........>#.#########.##.....
..##............)...# #.##.....
..##...........#.##.#####.##.....
####...........#..#+#......'.....
...............†g.......#.##.....
####............@.......#.##.....
...'............5.......#.##.....
####..........#.............#.##.
#............5.....###.#.#.##.
#..........###.....#<#.#.#.##.
##...#'#.### #.....#.....#.#..
#...#.#.# #.#...###.###.#..
#...#.#.# #................
#####...#.#.#######..####.######.


You could see a gnoll shaman, a crimson imp and a friendly crimson imp.

Vanquished Creatures
  Pikel (D:5)
  Sigmund (D:5)
  Edmund (D:5)
  An ice beast (D:6)
  2 slaves (D:5)
  2 phantoms
  2 ogres
  A scorpion (D:4)
  2 electric eels (D:6)
  A crimson imp (D:6)
  2 hounds
  3 jellies
  3 orc priests
  An orc wizard (D:4)
  2 iguanas (D:4)
  Ijyb (D:3)
  5 worker ants
  A killer bee zombie (D:5)
  A hound zombie (D:6)
  A howler monkey skeleton (D:5)
  6 adders
  2 gnolls (D:6)
  A shadow imp (D:5)
  An ooze (D:4)
  An adder zombie (D:6)
  2 adder skeletons
  A worm (D:5)
  12 dart slugs
  5 leopard geckos
  14 orcs
  2 ball pythons (D:3)
  5 giant cockroaches
  4 goblins
  4 hobgoblins
  13 jackals
  6 kobolds
  7 quokkas
  7 bats
  5 frilled lizards
  A jackal zombie (D:6)
  8 rats
141 creatures vanquished.

Vanquished Creatures (collateral kills)
  A bullfrog (D:6)
  An orc priest (D:6)
2 creatures vanquished.

Vanquished Creatures (others)
  A slave (D:6)
  A leopard gecko (D:6)
  A fungus (D:2)
3 creatures vanquished.

Grand Total: 146 creatures vanquished

Notes
Turn   | Place    | Note
-------+----------+-------------------------------------------
     0 | D:1      | sking99 the Gnoll Wizard began the quest for the Orb.
     0 | D:1      | Reached XP level 1. HP: 13/13 MP: 8/8
   242 | D:1      | Reached XP level 2. HP: 19/19 MP: 7/10
   665 | D:2      | Found a stormy altar of Qazlal.
   715 | D:2      | Found a blossoming altar of Fedhas.
   840 | D:2      | Reached XP level 3. HP: 25/25 MP: 8/11
  1548 | D:2      | Reached skill level 1 in Invocations
  1654 | D:2      | Learned a level 2 spell: Blink
  1657 | D:2      | Learned a level 2 spell: Call Imp
  1662 | D:2      | Learned a level 3 spell: Conjure Flame
  1666 | D:2      | Learned a level 3 spell: Mephitic Cloud
  2086 | D:3      | Reached skill level 1 in Fighting
  2086 | D:3      | Reached skill level 1 in Short Blades
  2086 | D:3      | Reached skill level 1 in Long Blades
  2086 | D:3      | Reached skill level 1 in Axes
  2086 | D:3      | Reached skill level 1 in Maces & Flails
  2086 | D:3      | Reached skill level 1 in Polearms
  2086 | D:3      | Reached skill level 1 in Staves
  2086 | D:3      | Reached skill level 1 in Slings
  2086 | D:3      | Reached skill level 1 in Bows
  2086 | D:3      | Reached skill level 1 in Crossbows
  2086 | D:3      | Reached skill level 1 in Throwing
  2086 | D:3      | Reached skill level 1 in Armour
  2086 | D:3      | Reached skill level 1 in Shields
  2086 | D:3      | Reached skill level 1 in Unarmed Combat
  2086 | D:3      | Reached skill level 1 in Evocations
  2105 | D:3      | Reached XP level 4. HP: 32/32 MP: 9/13
  2456 | D:3      | Found a sparkling altar of Nemelex Xobeh.
  2575 | D:3      | Noticed Ijyb
  2600 | D:3      | Killed Ijyb
  2600 | D:3      | Reached skill level 1 in Hexes
  2600 | D:3      | Reached skill level 1 in Charms
  2600 | D:3      | Reached skill level 1 in Necromancy
  2600 | D:3      | Reached skill level 1 in Transmutations
  2600 | D:3      | Reached skill level 1 in Fire Magic
  2600 | D:3      | Reached skill level 1 in Ice Magic
  2600 | D:3      | Reached skill level 1 in Air Magic
  2600 | D:3      | Reached skill level 1 in Earth Magic
  2600 | D:3      | Reached skill level 1 in Poison Magic
  2605 | D:3      | Reached XP level 5. HP: 11/37 MP: 1/14
  3399 | D:4      | Found a white marble altar of Elyvilon.
  3405 | D:4      | Became a worshipper of Elyvilon the Healer
  3489 | D:4      | Reached XP level 6. HP: 13/44 MP: 0/16
  4027 | D:4      | Reached skill level 5 in Dodging
  4441 | D:4      | Found a shattered altar of Ashenzari.
  4462 | D:4      | Fell from the grace of Elyvilon
  4462 | D:4      | Became a worshipper of Ashenzari the Shackled
  4530 | D:4      | Reached XP level 7. HP: 46/50 MP: 11/18
  5077 | D:4      | Found a glowing silver altar of Zin.
  5230 | D:5      | Entered Level 5 of the Dungeon
  5231 | D:5      | Noticed Sigmund
  5241 | D:5      | Killed Sigmund
  5497 | D:5      | Noticed Edmund
  5514 | D:5      | Killed Edmund
  5514 | D:5      | Reached skill level 5 in Stealth
  5830 | D:5      | Reached XP level 8. HP: 57/57 MP: 7/19
  6000 | D:5      | Found a hide-covered altar of Uskayaw.
  6094 | D:5      | Reached * piety under Ashenzari
  6275 | D:5      | Noticed Pikel
  6617 | D:5      | Killed Pikel
  6617 | D:5      | Reached skill level 8 in Spellcasting
  7535 | D:6      | Reached XP level 9. HP: 65/65 MP: 10/21
  8606 | D:6      | Found Haumium's Gadget Shoppe.
  9312 | D:6      | Slain by a gnoll shaman

Vault maps used:
D:1:      nzn_arrival_settlement
D:2:      grunt_temple_overflow_forces_of_nature
D:3:      nemelex_xobeh_ov_fountains_minmay, uniq_ijyb
D:4:      cheibrodos_ashenzari_chains, zin_scriptorium, elyvilon_altar_4
D:5:      old_standard_altar, first_ration, kennysheep_nondescript,
          uniq_sigmund, uniq_edmund, uniq_pikel
D:6:      kennysheep_slugbush, serial_shops,
          nicolae_shop_temple_entry_statues_fountains, kennysheep_generic_room_2
D:7:      grunt_temple_overflow_champion_of_chaos,
          minmay_temple_entry_junction_2, grunt_ministairs_1, grunt_livestock,
          uniq_prince_ribbit1

Skill      XL: |  1  2  3  4  5  6  7  8  9 |
---------------+----------------------------+-----
Conjurations   | 2 3 4 |  4.0
Summonings     | 2 3 4 |  4.0
Translocations | 2 3 4 |  4.0
Invocations    | 1 2 3 4 |  4.4
Fighting       | 1 2 3 4 |  4.0
Short Blades   | 1 2 3 4 |  4.0
Long Blades    | 1 2 3 4 |  4.0
Axes           | 1 2 3 4 |  4.0
Maces & Flails | 1 2 3 4 |  4.0
Polearms       | 1 2 3 4 |  4.0
Staves         | 1 2 3 4 |  4.0
Slings         | 1 2 3 4 |  4.0
Bows           | 1 2 3 4 |  4.0
Crossbows      | 1 2 3 4 |  4.0
Throwing       | 1 2 3 4 |  4.0
Armour         | 1 2 3 4 |  4.0
Shields        | 1 2 3 4 |  4.0
Unarmed Combat | 1 2 3 4 |  4.0
Evocations     | 1 2 3 4 |  4.0
Hexes          | 1 2 3 |  3.3
Charms         | 1 2 3 |  3.3
Necromancy     | 1 2 3 |  3.3
Transmutations | 1 2 3 |  3.3
Fire Magic     | 1 2 3 |  3.3
Ice Magic      | 1 2 3 |  3.3
Air Magic      | 1 2 3 |  3.3
Earth Magic    | 1 2 3 |  3.3
Poison Magic   | 1 2 3 |  3.3
Dodging        | 5 6 |  6.1
Stealth        | 5 |  5.8
Spellcasting   | 8 |  8.3

Action                   |  1- 3 |  4- 6 |  7- 9 || total
-------------------------+-------+-------+-------++-------
Melee: Short sword       |    16 |       |       ||    16
       Bite              |     4 |     3 |     3 ||    10
       Mace              |    10 |     3 |       ||    13
       Falchion          |       |    26 |    10 ||    36
 Cast: Magic Dart        |    83 |   147 |   297 ||   527
       Mephitic Cloud    |       |     3 |     4 ||     7
       Call Imp          |       |       |     7 ||     7
       Conjure Flame     |       |       |     3 ||     3
  Use: Potion            |       |     3 |     1 ||     4
       Scroll            |       |     6 |     6 ||    12
 Stab: Confused          |       |     2 |       ||     2
  Eat: Chunk             |     3 |     8 |    10 ||    21
       Ration            |       |       |     1 ||     1
Armor: Robe              |     5 |     3 |    10 ||    18
Dodge: Dodged            |    18 |    50 |    85 ||   153
Block: Buckler           |       |       |    32 ||    32
       Rpst.: Falchion   |       |    12 |    34 ||    46

Table legend:
 A = Spawn XP
 B = Non-spawn XP
 C = Spawn XP percentage of total XP
 D = Spawn monster count
 E = Non-spawn monster count
 F = Spawn count percentage of total count
 G = Total turns spent on level
                    A         B        C        D         E        F      G
               +---------+---------+-------+---------+---------+-------+---------
         Total |       0 |    2973 |   0.0 |       0 |     141 |   0.0 |  9312
               +---------+---------+-------+---------+---------+-------+---------
           D:1 |       0 |      26 |   0.0 |       0 |      16 |   0.0 |   744
           D:2 |       0 |      31 |   0.0 |       0 |      18 |   0.0 |  1028
           D:3 |       0 |     125 |   0.0 |       0 |      33 |   0.0 |  1632
           D:4 |       0 |     492 |   0.0 |       0 |      21 |   0.0 |  1826
           D:5 |       0 |    1425 |   0.0 |       0 |      22 |   0.0 |  2042
           D:6 |       0 |     874 |   0.0 |       0 |      31 |   0.0 |  2030
               +---------+---------+-------+---------+---------+-------+---------
